 Dungeon Crawl Stone Soup version 0.25-a0-661-g55ea3d2 (webtiles) character file.

Game seed: 9692192300288439504, levelgen mode: deterministic

53 BlueFish the Ducker (level 3, 0/28 HPs)
             Began as a Demonspawn Gladiator on Mar 24, 2020.
             Succumbed to an adder's poison
             ... on level 2 of the Dungeon.
             The game lasted 00:07:21 (1895 turns).

BlueFish the Ducker (Demonspawn Gladiator)          Turns: 1895, Time: 00:07:21

Health: 0/28       AC:  4    Str: 14    XL:     3   Next: 64%
Magic:  3/3        EV: 13    Int:  9    God:
Gold:   54         SH:  0    Dex: 15    Spells: 2/2 levels left

rFire    . . .     SeeInvis .   j - +0 dagger
rCold    . . .     Gourm    .   (no shield)
rNeg     . . .     Faith    .   b - +0 leather armour
rPois    .         Spirit   .   c - +0 helmet
rElec    .         Reflect  .   (no cloak)
rCorr    .         Harm     .   (no gloves)
MR       .....                  (no boots)
Stlth    ++........             (no amulet)
HPRegen  0.09/turn              (no ring)
MPRegen  0.08/turn              (no ring)

@: lethally poisoned (0 -> -7), flying
A: nightstalker 1
a: no special abilities


You were on level 2 of the Dungeon.
You were not hungry.

You visited 1 branch of the dungeon, and saw 2 of its levels.

You collected 54 gold pieces.

Inventory:

Hand Weapons
 j - a +0 dagger (weapon)
Missiles
 d - 3 throwing nets (quivered)
Armour
 b - a +0 leather armour (worn)
 c - a +0 helmet (worn)
Wands
 e - a wand of scattershot (5)
Scrolls
 k - a scroll of remove curse
Comestibles
 f - 4 rations


   Skills:
 * Level 2.5 Fighting
 * Level 1.0 Short Blades
   Level 3.0 Axes
 + Level 1.8 Throwing
 + Level 0.7 Armour
 + Level 3.1 Dodging
 * Level 0.5 Stealth


You had 2 spell levels left.
You didn't know any spells.
Your spell library was empty.

Dungeon Overview and Level Annotations

Branches:
Dungeon (2/15)

Altars:


Innate Abilities, Weirdness & Mutations

You are slightly more attuned to the shadows.


Message History

* * * LOW HITPOINT WARNING * * *
You feel sick. The adder closely misses you.
You miss the adder.
The adder is almost dead.
The adder closely misses you.
You hit the adder.
You kill the adder!
Your Short Blades skill increases to level 1!
* * * LOW HITPOINT WARNING * * *
You feel sick. The rat misses you.
You barely miss the rat.
* * * LOW HITPOINT WARNING * * *
You feel sick. The rat barely misses you.
You hit the rat.
The rat is severely wounded.
The rat bites you.
* * * LOW HITPOINT WARNING * * *
You hit the rat but do no damage.
The rat is severely wounded.
You die...

..# #.# .. #.# ..#.# ...... ..
### .#.### #.....#.# #.##
....#.#.....#.###. #..###
#r...>..........#.
#....#######
#@.#.##.....#.....
###........##
#....##.........#.
##.....#..###.##.##...........
#####..................#...#.
######.....#..........##.
####..............##.
#....................
#...))...............
#.......#............


You could see a rat.

Vanquished Creatures
  2 adders (D:2)
  2 leopard geckos (D:1)
  6 bats
  A giant cockroach (D:1)
  2 goblins (D:2)
  5 hobgoblins
  3 jackals (D:1)
  4 kobolds
  A quokka (D:2)
  A ball python (D:2)
  2 rats
29 creatures vanquished.

Notes
Turn   | Place    | Note
-------+----------+-------------------------------------------
     0 | D:1      | BlueFish the Demonspawn Gladiator began the quest for the
                  | Orb.
     0 | D:1      | Reached XP level 1. HP: 16/16 MP: 1/1
   216 | D:1      | Gained mutation: You are slightly more attuned to the
                  | shadows. [demonic ancestry]
   216 | D:1      | Reached XP level 2. HP: 18/22 MP: 2/2
  1484 | D:2      | Reached XP level 3. HP: 12/28 MP: 3/3
  1892 | D:2      | Reached skill level 1 in Short Blades
  1894 | D:2      | HP: 1/28 [rat (1)]
  1895 | D:2      | Succumbed to an adder's poison

Levels and vault maps discovered:
D:1:      denvon_arrival_planthouse, layout_basic
D:2:      layout_rooms, chequers_ecumenical_altar_island

Skill      XL: |  1  2  3 |
---------------+----------+-----
Axes           | 3 |  3.0
Dodging        | 3 |  3.1
Short Blades   | 1 |  1.0
Fighting       | |  2.5
Throwing       | |  1.8
Armour         | |  0.7
Stealth        | |  0.5

Action                   || total
-------------------------++-------
Melee: War axe           ||    35
       Dagger            ||   134
  Use: Potion            ||     4
       Scroll            ||     2
  Eat: Chunk             ||     3
Armor: Leather armour    ||    54
       Skin              ||   140
Dodge: Dodged            ||   138

Table legend:
 A = Non-vault XP
 B = Vault XP
 C = Vault XP percentage of total XP
 D = Non-vault monster count
 E = Vault monster count
 F = Vault count percentage of total count
                 A         B        C        D         E       F
            +---------+---------+-------+---------+---------+-------
      Total |      77 |       0 |   0.0 |      29 |       0 |   0.0
            +---------+---------+-------+---------+---------+-------
        D:1 |      31 |       0 |   0.0 |      16 |       0 |   0.0
        D:2 |      46 |       0 |   0.0 |      13 |       0 |   0.0
            +---------+---------+-------+---------+---------+-------
